 Dungeon Crawl Stone Soup version 0.16-a0-3159-g1b9e691 (webtiles) character file.

458675 myeffort the Slayer (level 24, 0/411 HPs)
             Began as an Ogre Wizard on Dec 14, 2014.
             Was an Elder of Okawaru.
             Slain by a large abomination (3 damage)
             ... on level 4 of the Abyss on Dec 15, 2014.
             The game lasted 08:50:09 (79752 turns).

myeffort the Slayer (Ogre Wizard)                  Turns: 79752, Time: 08:50:10

Health: 0/411      AC: 36    Str: 27      XL:     24   Next: 44%
Magic:  35/42      EV:  1    Int: 18 (20) God:    Okawaru [****..]
Gold:   3102       SH:  0    Dex:  7 (8)  Spells: 15 memorised, 12 levels left

rFire  + . .     SeeInvis .     C - +3 giant spiked club "Ecyaxki" {freeze, rC+}
rCold  + + .     Clarity  .     u - melded +4 robe of the Pink Corner {rF++ rN+ MR+}
rNeg   + + +     SustAb   .     (shield restricted)
rPois  +         Gourm    .     s - melded +2 hat {Int+3}
rElec  +         Spirit   .     n - melded +2 cloak {rPois}
rCorr  +         Warding  .     (gloves unavailable)
rMut   .         NoTele   +     (boots unavailable)
MR     ++++.                    V - amulet of regeneration
Stlth  +++.......               m - ring of the Mage {Wiz MR++ Int+3}
                                c - +4 ring of protection

@: tree-form, silence, resistant, heroism, non-regenerating, diseased,
incredibly resistant to hostile enchantments, fairly stealthy
A: unfitting armour, (large bone plates 0), (thin metallic scales 0), blurry
vision 1, (tough skin 0), no device heal 1
a: Renounce Religion
}: 2/15 runes: barnacled, gossamer


You were on level 4 of the Abyss.
You worshipped Okawaru.
Okawaru was greatly pleased with you.
You were near starving.
You were a tree.
You visited 9 branches of the dungeon, and saw 51 of its levels.
You visited the Abyss 1 time.
You visited 1 bazaar.

You collected 7190 gold pieces.
You spent 4088 gold pieces at shops.

Inventory:

Hand weapons
 a - the +5 giant spiked club "Praepli" {crush, -Tele rC+}
   (Okawaru gifted it to you on level 1 of the Lair of Beasts)

   It inflicts extra damage upon your enemies.
   It protects you from cold.
   It prevents most forms of teleportation.
 C - the +3 giant spiked club "Ecyaxki" (weapon) {freeze, rC+}
   (Okawaru gifted it to you on level 1 of the Depths)

   It has been specially enchanted to freeze those struck by it, causing extra
   injury to most foes and up to double damage against particularly susceptible
   opponents.
   It can also slow down cold-blooded creatures.
   It protects you from cold.
Missiles
 p - 95 large rocks (quivered)
 F - 24 silver javelins
 K - 21 javelins of penetration
Armour
 n - a +2 cloak of poison resistance (melded)
 s - a +2 hat of intelligence (melded)
 u - the +4 robe of the Pink Corner (melded) {rF++ rN+ MR+}
   (You bought it in a shop on level 11 of the Dungeon)

   It greatly protects you from fire.
   It protects you from negative energy.
   It affects your resistance to hostile enchantments.
Jewellery
 c - a +4 ring of protection (left branch)
 d - the ring "Iraah" {Str+3 SInv}
   (You found it on level 9 of the Dungeon)

   [ring of see invisible]

   It affects your strength (+3).
   It enhances your eyesight.
 k - an uncursed amulet of warding
 m - the ring of the Mage (right branch) {Wiz MR++ Int+3}
   (You bought it in a shop on level 4 of the Orcish Mines)

   [ring of wizardry]

   It improves your spell success rate.
   It affects your intelligence (+3).
   It affects your resistance to hostile enchantments.
 V - an amulet of regeneration (around neck)
Magical devices
 q - a wand of enslavement (15)
 P - a wand of teleportation (7)
 R - a wand of cold (4)
 S - a wand of fire (4)
 T - a wand of fire (9)
Scrolls
 b - 3 scrolls of fear
 f - 5 scrolls of blinking
 i - 7 scrolls of remove curse
 j - 25 scrolls of teleportation
 o - 6 scrolls of enchant armour
 r - 8 scrolls of magic mapping
 t - 12 scrolls of identify
 y - a scroll of amnesia
 A - 2 scrolls of silence
 Q - a scroll of fog
Potions
 g - 3 potions of cancellation
 h - a potion of lignification
 l - 11 potions of curing
 v - a potion of haste
 z - a potion of restore abilities
 B - a potion of agility
 L - 2 potions of resistance
 M - 4 potions of magic
 W - 5 potions of might
Miscellaneous
 e - a legendary deck of destruction {drawn: 2}
 w - an ornate deck of changes
 E - a phial of floods
Comestibles
 x - 6 bread rations
 D - a beef jerky
 G - a meat ration
 H - a royal jelly


   Skills:
 - Level 22.3(27) Fighting
 - Level 22.0(27) Maces & Flails
 - Level 22.1(27) Throwing
 - Level 9.0(14.0) Armour
 - Level 1.7(6.7) Dodging
 - Level 1.5(6.5) Stealth
 - Level 15.1 Spellcasting
 - Level 5.0 Conjurations
 - Level 8.0 Charms
 - Level 0.6 Summonings
 - Level 0.6 Translocations
 - Level 10.4 Air Magic
 + Level 13.2 Invocations


You had 12 spell levels left.
You knew the following spells:

 Your Spells              Type           Power        Failure   Level  Hunger
a - Magic Dart            Conj           ####         1%          1    None
b - Airstrike             Air            ######....   1%          4    None
c - Conjure Flame         Conj/Fire      ###.....     2%          3    None
d - Mephitic Cloud        Conj/Pois/Air  ####....     1%          3    None
e - Repel Missiles        Chrm/Air       #####.       1%          2    None
f - Blink                 Tloc           N/A          3%          2    None
g - Apportation           Tloc           ###.......   1%          1    None
h - Flight                Chrm/Air       #####.....   1%          3    None
i - Swiftness             Chrm/Air       #####...     1%          2    None
j - Static Discharge      Conj/Air       #####...     1%          3    None
k - Silence               Hex/Air        ####......   9%          5    ####...
l - Deflect Missiles      Chrm/Air       #####.....   9%          6    #####..
m - Tukima's Dance        Hex            ##......     7%          3    None
n - Call Imp              Summ           ###.....     3%          2    None
o - Summon Butterflies    Summ           ###.....     1%          1    None


Dungeon Overview and Level Annotations

Branches:
Dungeon (15/15)            Temple (1/1) D:5            Lair (8/8) D:10
 Shoals (5/5) Lair:4       Spider (5/5) Lair:4        Slime (0/6) Lair:8
    Orc (4/4) D:9             Elf (3/3) Orc:3        Vaults (5/5) D:13
  Crypt (0/3) Vaults:2     Depths (5/5) D:15            Zot (0/5) Depths:5

Altars:
Cheibriados
Dithmenos
Elyvilon
Gozag
Kikubaaqudgha
Makhleb
Nemelex Xobeh
Okawaru
Qazlal
Ru
Sif Muna
Trog
Vehumet
Xom
Yredelemnul
Zin
The Shining One
Beogh
Lugonu

Shops:
D:5 ?   D:6 %   D:9 *   D:11 [[%   Orc:2 }   Orc:4 :=![   Elf:1 =(=(}   Elf:2 [
Elf:3 !   Shoals:3 !   Shoals:5 !   Vaults:1 [   Depths:1 !   Depths:5 [

Portals:
Hell: Depths:1 Depths:2 Depths:3 Depths:4 Depths:5
Abyss: Depths:1 Depths:4*
Pandemonium: Depths:3
Ziggurat: Depths:2

Annotations:
Spider:3 Mara
Elf:2 runed door, exclusion: 3 doors
Vaults:1 exclusion: obsidian statue
Depths:3 1 exclusion


Innate Abilities, Weirdness & Mutations

You are too large for most types of armour.
((You have tough skin (AC +1).))
((You are partially covered in large bone plates (AC +2, SH +2).))
((You are partially covered in thin metallic scales (AC +2).))
Scrolls take you a little longer to read.
Potions and wands are less effective at restoring your health.


Message History

The large abomination hits you!
* * * LOW HITPOINT WARNING * * *
The neqoxec hits you but does no damage.
The starcursed mass engulfs you but does no damage.
Eat which item? (? for menu, Esc to quit)
Okay, then.
Drink which item? (? for menu, Esc to quit)
Okay, then.
Casting: Blink
Confirm with . or Enter, or press ? or * to list all spells.
Okay, then.
Unknown command.
Casting: Blink
Confirm with . or Enter, or press ? or * to list all spells.
A profound silence engulfs you. The ancient zyme hits you.
* * * LOW HITPOINT WARNING * * *
The ancient zyme hits you but does no damage.
The sun demon hits you but does no damage.
The large abomination hits you.
You die...

... ..%.... .
....... .. # .
#.......##.
##.........##
........#... #.#
#.. ......XX. ....
. .......Xx# .
.....#. #
.....3XX♣#... ##.
..#x..X#33X...###
.# ##
.......xXX#X...# #
# .#.....XX#....##
#.## ........X.
...#.. #.#.
########).#....##.
.# #..# .. . . # .
#..# ...# ####
#..... .### .


You could see 10 starcursed masses, a sun demon, an ancient zyme, 2 thrashing
horrors, a large abomination, a neqoxec, a chaos spawn and a small abomination.

Vanquished Creatures
  Sojobo (Depths:5)
  Margery (Depths:5)
  Saint Roka (Depths:5)
  A golden dragon (Depths:5)
  the Enchantress (Depths:3)
  Arachne (Spider:2)
  Nikola (Spider:1)
  A tentacled monstrosity (Depths:5)
  3 liches
  A Hell Sentinel (Elf:3)
  2 deep elf blademasters (Elf:3)
  A quicksilver dragon (Depths:2)
  2 deep elf master archers (Elf:3)
  Polyphemus (Shoals:3)
  A tentacled starspawn (Abyss:4)
  4 sphinxes
  An octopode crusher (Depths:4)
  Kirke (Spider:3)
  A storm dragon (Depths:4)
  Frances (Spider:1)
  3 tengu reavers
  Roxanne (Shoals:1)
  Ilsuiw (Shoals:5)
  7 fire giants
  A daeva (Depths:2)
  An orc warlord (Vaults:4)
  Donald (Spider:2)
  6 deep elf sorcerers
  4 frost giants
  An iron dragon (Depths:5)
  A draconian scorcher (Depths:5)
  An angel (Depths:2)
  A balrug (Abyss:4)
  7 vault wardens
  Aizul (Depths:2)
  Louise (Spider:1)
  4 ghost moths (Spider:5)
  5 emperor scorpions
  Gastronok (D:11)
  11 very ugly things
  Jorgrun (Depths:5)
  5 spriggan defenders
  An ophan (Abyss:2)
  15 stone giants
  9 deep elf demonologists
  9 deep elf annihilators (Elf:3)
  A grey draconian (Depths:5)
  A black draconian (Depths:5)
  Azrael (Spider:2)
  4 dire elephants
  A vampire knight (Depths:4)
  A red draconian (Depths:5)
  A pale draconian (Depths:5)
  11 merfolk javelineers
  Snorg (Lair:7)
  A crystal guardian (Vaults:2)
  3 minotaurs
  6 ettins
  9 merfolk impalers
  10 yaktaur captains
  7 deep elf death magi
  A deep elf high priest (Elf:3)
  6 spriggan air magi
  4 fire dragons
  4 hydras
  8 vault guards
  2 rakshasas
  3 great orbs of eyes
  Harold (Lair:1)
  5 ironheart preservers
  Nessos (Spider:2)
  4 ice dragons
  2 merfolk avatars (Shoals:5)
  Erica (D:11)
  10 centaur warriors
  A satyr (Shoals:5)
  3 tengu warriors
  2 dancing weapons (Elf:2)
  6 merfolk aquamancers
  27 death yaks
  3 deep troll shamans
  14 ogre magi
  A hell beast (Depths:1)
  3 thrashing horrors
  An orc high priest (Elf:1)
  8 spriggan berserkers
  3 sun demons
  Nergalle (D:11)
  4 catoblepae
  7 fire crabs
  28 deep elf knights
  5 deep troll earth magi
  2 shadow wraiths
  12 sea snakes
  2 iron trolls (Depths:1)
  4 flayed ghosts
  An ice devil (Elf:3)
  A spatial maelstrom (Abyss:4)
  4 unseen horrors
  A skeletal warrior (Vaults:2)
  6 large abominations
  A shadow demon (Abyss:2)
  An unseen horror (shapeshifter) (Vaults:3)
  5 hell knights
  14 deep trolls
  A tengu zombie (Depths:1)
  A hill giant (shapeshifter) (Depths:2)
  12 deep elf summoners
  13 wizards
  2 phantasmal warriors (Depths:4)
  12 deep elf conjurers
  13 hill giants
  7 necromancers
  A shadow dragon zombie (Vaults:4)
  17 harpies
  A lindwurm (Lair:8)
  An orb spider (shapeshifter) (Depths:1)
  A stone giant zombie (Vaults:4)
  7 orc knights
  12 griffons
  2 fire giant zombies (Vaults:4)
  14 ironbrand convokers
  59 ugly things
  8 red wasps
  34 wolf spiders
  3 human zombies
  9 cyclopes
  12 manticores
  2 orc sorcerers
  2 worldbinders
  2 octopodes (shapeshifter)
  13 orb spiders
  6 water nymphs
  8 elephants
  11 fauns
  A sixfirhy (Abyss:4)
  An apocalypse crab (Abyss:4)
  Maurice (Orc:4)
  8 vault sentinels
  2 fire giant skeletons
  A stone giant skeleton (Abyss:4)
  3 moths of wrath
  A guardian serpent (Depths:5)
  3 torpor snails
  5 black mambas
  A rust devil (Depths:1)
  7 sirens
  2 gargoyles
  13 spiny frogs
  A hellion (Abyss:4)
  Psyche (D:8)
  A shock serpent skeleton (Abyss:4)
  18 demonic crawlers
  6 fire drakes
  2 komodo dragons (shapeshifter)
  31 yaktaurs
  5 kobold demonologists
  A tormentor (Elf:3)
  2 elves (shapeshifter)
  A hellwing (Elf:1)
  9 spriggan druids
  12 komodo dragons
  A yaktaur skeleton (Vaults:4)
  An ancient zyme (Abyss:2)
  30 jumping spiders
  A blue devil (Elf:3)
  10 deep elf priests
  5 tengu conjurers
  A two-headed ogre (shapeshifter) (Depths:1)
  43 merfolk
  8 polar bears
  2 wind drakes
  8 freezing wraiths
  A golden dragon simulacrum (Depths:1)
  Sonja (D:11)
  A merfolk (shapeshifter) (Elf:1)
  A raiju (shapeshifter) (Vaults:2)
  3 harpy zombies (Shoals:2)
  Prince Ribbit (D:6)
  8 trolls
  15 two-headed ogres
  10 snapping turtles
  6 boulder beetles
  3 raiju (Abyss:2)
  A griffon zombie (Shoals:2)
  26 blink frogs
  5 air elementals
  31 trapdoor spiders
  A baby alligator (shapeshifter) (Depths:2)
  21 ravens
  29 slime creatures
  A flying skull (Vaults:2)
  A spriggan skeleton (Depths:1)
  23 tarantellas
  A redback (shapeshifter) (Abyss:2)
  3 vampires
  4 basilisks
  71 redbacks
  2 starcursed masses (Abyss:4)
  54 spriggans
  44 deep elf magi
  A wraith (Vaults:1)
  3 shadows
  21 water elementals
  2 hippogriffs (shapeshifter) (Vaults:3)
  A spriggan (shapeshifter) (D:14)
  A ynoxinul (Depths:5)
  10 hippogriffs
  25 wolves
  3 wyverns
  30 deep elf fighters
  A yaktaur simulacrum (Vaults:1)
  3 neqoxecs
  74 yaks
  A chaos spawn (Abyss:4)
  5 wargs
  14 vampire mosquitoes
  2 fire elementals (Spider:2)
  Edmund (D:6)
  A hungry ghost (D:10)
  2 spatial vortices (Abyss:4)
  A soldier ant (shapeshifter) (Vaults:3)
  4 hell hounds (Spider:2)
  2 mottled dragons (Vaults:1)
  14 ice beasts
  2 sky beasts
  18 water moccasins
  A snapping turtle zombie (Abyss:4)
  9 black bears
  49 orc warriors
  14 boggarts
  14 spiders
  A human simulacrum (Vaults:1)
  9 porcupines
  2 eyes of draining
  30 ogres
  3 phantoms
  A black mamba simulacrum (Abyss:4)
  6 small abominations
  24 centaurs
  17 yellow wasps
  Sigmund (D:2)
  8 crocodiles
  22 giant frogs
  A brain worm (D:14)
  6 big kobolds
  A big kobold (shapeshifter) (Depths:2)
  An earth elemental (Abyss:2)
  19 scorpions
  A hippogriff zombie (Shoals:2)
  16 killer bees
  A troll zombie (D:11)
  3 wights (D:14)
  5 electric eels
  12 crimson imps
  2 giant frog zombies
  4 centaur zombies
  4 giant frog skeletons
  4 lava snakes (D:10)
  2 goliath beetles
  14 orc priests
  Crazy Yiuf (D:2)
  A gnoll shaman (D:6)
  6 hounds
  18 jellies
  6 centaur skeletons
  23 orc wizards
  15 iguanas
  An iron imp (Abyss:4)
  A hell rat (Elf:1)
  10 worker ants
  20 sheep
  A hound skeleton (D:4)
  A mummy (D:10)
  A worker ant zombie (D:8)
  43 river rats
  5 gnolls
  25 adders
  6 shadow imps
  2 white imps
  3 giant mites
  2 giant eyeballs (Elf:2)
  8 worms
  4 ufetubi (Elf:3)
  3 adder skeletons
  5 giant geckos
  5 oozes (D:9)
  164 orcs
  12 bats
  6 bat skeletons (Depths:3)
  A bat zombie (Shoals:2)
  5 giant cockroaches
  16 hobgoblins
  6 jackals
  14 quokkas
  A ball python (D:3)
  5 giant newts
  A giant spore (D:7)
  33 goblins
  48 kobolds
  A lurking horror (Abyss:2)
  An orc zombie (Abyss:4)
  14 rats
  A bush (Lair:8)
  A butterfly (D:9)
  2 crawling corpses (Elf:2)
  10 fungi
  10 plants
2427 creatures vanquished.

Vanquished Creatures (collateral kills)
  A redback (Vaults:2)
  A phantom (D:4)
  An ogre (D:5)
  The ghost of Johnny the Bolt Thrower, an average HuHu (D:3)
  A yellow wasp (Depths:3)
  Duvessa (D:6)
  Blork the orc (D:4)
  Dowan (D:6)
  A jelly (D:6)
  An orc priest (D:4)
  Natasha (twice) (D:3)
  3 orc wizards
  An iguana (D:4)
  Jessica (D:2)
  A hound zombie (D:5)
  Terence (D:3)
  Robin (D:2)
  2 adders
  A worm (D:4)
  An ooze (D:2)
  8 orcs
  5 goblins
  A hobgoblin (D:2)
  3 jackals
  A quokka (D:2)
  A bat (D:3)
  2 kobolds
  2 rats (D:3)
47 creatures vanquished.

Vanquished Creatures (others)
  An ice dragon (Depths:4)
  An ogre mage (D:13)
  A polar bear (Lair:8)
  A raven (Depths:3)
  A deep elf mage (Elf:3)
  A deep elf fighter (Elf:1)
  A boggart (Depths:4)
  3 humans
  An ogre (Vaults:1)
  3 lost souls
  11 crimson imps
  2 iron imps
  An adder (Lair:8)
  2 shadow imps
  16 white imps
  2 bushes
  6 fungi
  16 plants
  4 tentacles (Abyss:4)
74 creatures vanquished.

Grand Total: 2548 creatures vanquished

Notes
Turn   | Place    | Note
--------------------------------------------------------------
     0 | D:1      | myeffort, the Ogre Wizard, began the quest for the Orb.
     0 | D:1      | Reached XP level 1. HP: 16/16 MP: 4/4
   239 | D:1      | Reached skill level 1 in Conjurations
   280 | D:1      | Reached XP level 2. HP: 21/24 MP: 4/6
   284 | D:1      | Learned a level 2 spell: Call Imp
   325 | D:1      | Reached skill level 4 in Spellcasting
   968 | D:2      | Reached XP level 3. HP: 31/31 MP: 6/9
   983 | D:2      | Noticed Jessica
  1505 | D:2      | Noticed Robin
  1588 | D:2      | Killed Robin
  1590 | D:2      | Reached XP level 4. HP: 17/39 MP: 6/11
  1630 | D:2      | Learned a level 3 spell: Conjure Flame
  1634 | D:2      | Learned a level 3 spell: Mephitic Cloud
  1637 | D:2      | Learned a level 2 spell: Repel Missiles
  1978 | D:2      | Noticed Crazy Yiuf
  2008 | D:2      | Killed Crazy Yiuf
  2152 | D:2      | Noticed Sigmund
  2231 | D:2      | Reached skill level 5 in Spellcasting
  2469 | D:2      | Killed Sigmund
  2469 | D:2      | Reached XP level 5. HP: 35/45 MP: 4/15
  2552 | D:2      | Killed Jessica
  2742 | D:3      | Found a glowing golden altar of the Shining One.
  2743 | D:3      | Noticed Terence
  3020 | D:3      | Noticed Johnny's ghost (average HuHu)
  3053 | D:3      | Killed Johnny's ghost
  3053 | D:3      | Reached XP level 6. HP: 53/53 MP: 3/18
  3172 | D:3      | Killed Terence
  3319 | D:3      | Found a sacrificial altar of Ru.
  3400 | D:3      | Noticed Natasha
  3406 | D:3      | Killed Natasha
  3406 | D:3      | Reached skill level 6 in Spellcasting
  3801 | D:3      | Noticed Natasha
  3806 | D:3      | Killed Natasha
  3859 | D:4      | Found an ancient bone altar of Kikubaaqudgha.
  3892 | D:4      | Found a snail-covered altar of Cheibriados.
  4143 | D:4      | Noticed Blork the orc
  4157 | D:4      | Killed Blork the orc
  4157 | D:4      | Reached XP level 7. HP: 44/59 MP: 9/20
  4468 | D:4      | Reached skill level 7 in Spellcasting
  4473 | D:4      | Learned a level 2 spell: Blink
  4875 | D:5      | Entered Level 5 of the Dungeon
  4923 | D:5      | Found a staircase to the Ecumenical Temple.
  4933 | Temple   | Entered the Ecumenical Temple
  5012 | Temple   | Became a worshipper of Warmaster Okawaru
  5095 | D:5      | Learned a level 1 spell: Apportation
  5108 | D:5      | Found an ancient bone altar of Kikubaaqudgha.
  5217 | D:5      | Found a glowing golden altar of the Shining One.
  5361 | D:5      | Reached skill level 1 in Air Magic
  5546 | D:5      | Reached XP level 8. HP: 55/67 MP: 2/23
  5552 | D:5      | HP: 3/67 [centaur/rapier (6)]
  5553 | D:5      | Gained mutation: You are resistant to electric shocks. [potion of mutation]
  5553 | D:5      | Gained mutation: You can translocate small distances at will. [potion of mutation]
  5553 | D:5      | Gained mutation: You occasionally shout uncontrollably at your foes. [potion of mutation]
  5555 | D:5      | Reached skill level 15 in Maces & Flails
  5555 | D:5      | Reached XP level 9. HP: 15/74 MP: 4/24
  5988 | D:5      | Found Ikhipac's Magic Scroll Emporium.
  5991 | D:5      | Bought a scroll of fog for 28 gold pieces
  5991 | D:5      | Bought a scroll of teleportation for 42 gold pieces
  6022 | D:5      | Acquired Okawaru's first power
  6130 | D:5      | Noticed a human
  6131 | D:5      | Killed a human
  6953 | D:6      | Found Latz's Food Emporium.
  6961 | D:6      | Noticed Dowan
  6967 | D:6      | Noticed Duvessa
  6969 | D:6      | Killed Dowan
  6979 | D:6      | Killed Duvessa
  7113 | D:6      | Noticed Edmund
  7126 | D:6      | Killed Edmund
  7205 | D:6      | Noticed Prince Ribbit
  7222 | D:6      | Killed Prince Ribbit
  8102 | D:7      | Reached skill level 5 in Conjurations
  8144 | D:7      | Found a basalt altar of Yredelemnul.
  8655 | D:8      | Identified Sif Muna's Handbook of Snow
  8708 | D:8      | Noticed Psyche
  8715 | D:8      | Killed Psyche
  8715 | D:8      | Reached skill level 1 in Fighting
  8715 | D:8      | Reached XP level 10. HP: 81/84 MP: 23/26
  8990 | D:8      | Reached skill level 1 in Throwing
  9865 | D:9      | Found a staircase to the Orcish Mines.
  9902 | D:9      | Found Zin's Purification Station.
  9906 | D:9      | Found a glowing silver altar of Zin.
  9923 | D:9      | Found a basalt altar of Yredelemnul.
 10268 | D:9      | Found a shimmering altar of Xom.
 10311 | D:9      | Found a shadowy altar of Dithmenos.
 10415 | D:9      | Got a slimy bone ring
 10463 | D:9      | Found a burning altar of Makhleb.
 10841 | D:9      | Reached skill level 5 in Air Magic
 10937 | D:10     | Entered Level 10 of the Dungeon
 11674 | D:10     | Found a staircase to the Lair.
 11697 | D:10     | Reached XP level 11. HP: 101/101 MP: 18/27
 11723 | D:10     | Reached skill level 5 in Fighting
 11946 | D:10     | Found a sparkling altar of Nemelex Xobeh.
 12060 | D:10     | Reached skill level 5 in Throwing
 12444 | D:10     | Noticed a hill giant
 12470 | D:10     | Killed a hill giant
 12523 | Lair:1   | Entered Level 1 of the Lair of Beasts
 12919 | D:10     | Acquired Okawaru's second power
 12964 | Lair:1   | Identified the ring "Iraah" {Str+3 SInv} (You found it on level 9 of the Dungeon)
 12972 | Lair:1   | Lost mutation: You occasionally shout uncontrollably at your foes. [potion of cure mutation]
 12972 | Lair:1   | Lost mutation: You are resistant to electric shocks. [potion of cure mutation]
 12972 | Lair:1   | Lost mutation: You can translocate small distances at will. [potion of cure mutation]
 13977 | D:11     | Noticed Erica
 13995 | D:11     | Noticed Gastronok
 14012 | D:11     | Killed Erica
 14644 | Lair:1   | Noticed Harold
 14654 | Lair:1   | Received a gift from Okawaru
 14655 | Lair:1   | Got a faintly glowing giant spiked club {god gift}
 14656 | Lair:1   | Identified the +5 giant spiked club "Praepli" {crush, -Tele rC+} (Okawaru gifted it to you on level 1 of the Lair of Beasts)
 14669 | Lair:1   | Killed Harold
 14691 | Lair:1   | Reached XP level 12. HP: 120/124 MP: 15/28
 15860 | Lair:2   | Received a gift from Okawaru
 15907 | Lair:2   | Reached skill level 10 in Fighting
 15929 | Lair:2   | Reached skill level 16 in Maces & Flails
 15930 | Lair:2   | Found a frozen archway.
 16043 | Lair:2   | Received a gift from Okawaru
 16109 | Lair:2   | Received a gift from Okawaru
 17210 | Lair:3   | Reached skill level 17 in Maces & Flails
 17430 | Lair:3   | Reached XP level 13. HP: 77/137 MP: 25/29
 17452 | Lair:3   | HP: 1/137 [black mamba (9)]
 18477 | Lair:3   | Got a faintly glowing jade ring
 18702 | Lair:4   | Found a hole to the Spider Nest.
 18977 | Lair:4   | Reached skill level 10 in Throwing
 19146 | Lair:4   | Found a staircase to the Shoals.
 19423 | Lair:4   | Identified the ring "Trux" {Int+5 Dex+3} (You found it on level 3 of the Lair of Beasts)
 20118 | Lair:5   | Found a burning altar of Makhleb.
 20435 | Lair:5   | Reached skill level 18 in Maces & Flails
 20796 | Lair:6   | Received a gift from Okawaru
 22077 | Lair:7   | Noticed Snorg
 22090 | Lair:7   | Killed Snorg
 22578 | Lair:7   | Received a gift from Okawaru
 22862 | Lair:7   | Received a gift from Okawaru
 22951 | Lair:7   | Reached XP level 14. HP: 122/153 MP: 28/30
 23125 | Lair:7   | Received a gift from Okawaru
 23250 | Lair:8   | Entered Level 8 of the Lair of Beasts
 23950 | Lair:8   | Received a gift from Okawaru
 24488 | Lair:8   | Reached skill level 19 in Maces & Flails
 25352 | Lair:8   | Found a staircase to the Slime Pits.
 25818 | Lair:8   | Received a gift from Okawaru
 25828 | Lair:8   | Got a spiked hat {god gift}
 25839 | Lair:8   | Identified the -5 hat "Xutzefen" {rCorr Slay-4} (Okawaru gifted it to you on level 8 of the Lair of Beasts)
 26756 | Orc:1    | Entered Level 1 of the Orcish Mines
 27245 | Orc:2    | Found a roughly hewn altar of Beogh.
 27469 | Orc:2    | Found Farezes' Gadget Shop.
 27870 | Orc:3    | Found a staircase to the Elven Halls.
 28040 | Orc:3    | Reached XP level 15. HP: 165/165 MP: 30/30
 28290 | Orc:4    | Entered Level 4 of the Orcish Mines
 28290 | Orc:4    | Noticed Maurice
 28292 | Orc:4    | Killed Maurice
 28346 | Orc:4    | Reached skill level 20 in Maces & Flails
 28351 | Orc:4    | Reached skill level 15 in Fighting
 28582 | Orc:4    | Found a flickering gateway to a bazaar.
 28592 | Bazaar   | Entered a bazaar
 28611 | Bazaar   | Found Xosimeoc's Jewellery Emporium.
 28645 | Bazaar   | Found Stoqociw's Assorted Antiques.
 28650 | Bazaar   | Bought a fizzy purple potion for 19 gold pieces
 28661 | Bazaar   | Found Ciamn's Gadget Boutique.
 28686 | Bazaar   | Found Vuupoph's Magic Scroll Shoppe.
 28691 | Bazaar   | Bought a scroll of fear for 31 gold pieces
 28691 | Bazaar   | Bought a scroll of blinking for 67 gold pieces
 28697 | Bazaar   | Found Skoequta's Distillery.
 28702 | Bazaar   | Bought a potion of curing for 27 gold pieces
 28702 | Bazaar   | Bought a potion of curing for 27 gold pieces
 28702 | Bazaar   | Bought 2 potions of curing for 54 gold pieces
 28702 | Bazaar   | Bought a potion of curing for 27 gold pieces
 28702 | Bazaar   | Bought a potion of cancellation for 72 gold pieces
 28702 | Bazaar   | Bought a potion of restore abilities for 45 gold pieces
 28732 | Bazaar   | Bought an uncursed amulet of stasis for 210 gold pieces
 28732 | Bazaar   | Bought a cursed amulet of inaccuracy for 24 gold pieces
 28732 | Bazaar   | Bought a cursed ring of loudness for 54 gold pieces
 28790 | Bazaar   | Bought a scroll of identify for 18 gold pieces
 28790 | Bazaar   | Bought a scroll of identify for 18 gold pieces
 28790 | Bazaar   | Bought a scroll of remove curse for 27 gold pieces
 28790 | Bazaar   | Bought a scroll of enchant armour for 67 gold pieces
 28799 | Bazaar   | Bought a potion of cure mutation for 315 gold pieces
 29000 | Orc:4    | Found a bloodstained altar of Trog.
 29441 | Orc:4    | Found Psuacw's Distillery.
 29441 | Orc:4    | Found Suvazaodi's Jewellery Emporium.
 29444 | Orc:4    | Found Iqishrua's Book Shoppe.
 29446 | Orc:4    | Found Pykhoeso's Armour Boutique.
 29452 | Orc:4    | Bought a potion of might for 48 gold pieces
 29452 | Orc:4    | Bought a potion of heal wounds for 60 gold pieces
 29452 | Orc:4    | Bought a potion of heal wounds for 60 gold pieces
 30126 | D:11     | Killed Gastronok
 30190 | D:11     | Found Ystym's Armour Shop.
 30197 | D:11     | Found Icotaing's Armour Shop.
 30237 | D:11     | Noticed a white ugly thing
 30246 | D:11     | Killed a white ugly thing
 30267 | D:11     | Noticed Nergalle
 30274 | D:11     | Killed Nergalle
 30399 | D:11     | Found Voits' Food Shop.
 30414 | D:11     | Reached skill level 1 in Invocations
 30461 | D:11     | Found a radiant altar of Vehumet.
 30485 | D:11     | Noticed Sonja
 30501 | D:11     | Killed Sonja
 30572 | D:11     | Bought the cursed +4 robe of the Pink Corner {rF++ rN+ MR+} for 728 gold pieces
 30802 | Lair:1   | Gained mutation: You are partially covered in large bone plates (AC +2, SH +2). [potion of beneficial mutation]
 31143 | Orc:4    | Bought the ring of the Mage {Wiz MR++ Int+3} for 775 gold pieces
 31349 | D:12     | Received a gift from Okawaru
 31442 | D:12     | Reached skill level 1 in Armour
 31533 | D:12     | Reached skill level 5 in Invocations
 31569 | D:12     | Received a gift from Okawaru
 32314 | D:13     | Received a gift from Okawaru
 32338 | D:13     | Got a shimmering robe {god gift}
 32406 | D:13     | Found a gate to the Vaults.
 32682 | D:13     | Learned a level 3 spell: Flight
 32685 | D:13     | Learned a level 2 spell: Swiftness
 32689 | D:13     | Learned a level 3 spell: Static Discharge
 33526 | D:14     | Reached XP level 16. HP: 176/176 MP: 31/31
 33724 | D:14     | Found a shadowy altar of Dithmenos.
 33937 | D:14     | Found a glowing golden altar of the Shining One.
 34347 | D:15     | Entered Level 15 of the Dungeon
 34493 | D:15     | Reached skill level 5 in Armour
 35073 | D:15     | Received a gift from Okawaru
 35386 | D:15     | Found a staircase to the Depths.
 35972 | D:15     | Identified the -4 robe of the Tick {rF+ Int+2} (Okawaru gifted it to you on level 13 of the Dungeon)
 36470 | Shoals:1 | Entered Level 1 of the Shoals
 36470 | Shoals:1 | Noticed Roxanne
 36759 | Elf:1    | Entered Level 1 of the Elven Halls
 37494 | Elf:1    | Found Naok's Weapon Boutique.
 37501 | Elf:1    | Found Cyipnot's Gadget Boutique.
 37502 | Elf:1    | Bought 5 large rocks for 63 gold pieces
 37610 | Elf:1    | Found Uphuciatt's Antique Weapon Emporium.
 37620 | Elf:1    | Found Khaamm's Jewellery Shoppe.
 37940 | Elf:1    | Found Pninaf's Jewellery Shoppe.
 38364 | Elf:2    | Received a gift from Okawaru
 39726 | Elf:2    | Reached XP level 17. HP: 176/184 MP: 30/33
 39858 | Elf:2    | Paralysed by a giant eyeball for 4 turns
 40027 | Elf:2    | Found Jutob's Antique Armour Boutique.
 40298 | Elf:2    | Found a runed gate.
 40299 | Elf:2    | Found a runed gate.
 40300 | Elf:2    | Found a runed gate.
 41055 | Spider:1 | Entered Level 1 of the Spider Nest
 41504 | Spider:1 | Noticed Nikola
 41508 | Spider:1 | Noticed Louise
 41517 | Spider:1 | Killed Louise
 41523 | Spider:1 | Killed Nikola
 41523 | Spider:1 | Reached skill level 10 in Spellcasting
 41827 | Spider:1 | Noticed Frances
 41843 | Spider:1 | Killed Frances
 42568 | Spider:2 | Noticed Nessos
 42571 | Spider:2 | Noticed Azrael
 42585 | Spider:2 | Killed Azrael
 42585 | Spider:2 | Received a gift from Okawaru
 42596 | Spider:2 | Killed Nessos
 42664 | Spider:2 | Noticed Arachne
 43003 | Spider:2 | Noticed Donald
 43014 | Spider:2 | Killed Donald
 43014 | Spider:2 | Received a gift from Okawaru
 43183 | Spider:2 | Killed Arachne
 43478 | Spider:2 | Received a gift from Okawaru
 43782 | Spider:2 | Received a gift from Okawaru
 44070 | Spider:3 | Noticed Kirke
 44181 | Spider:3 | Killed Kirke
 44226 | Spider:3 | Noticed Mara
 44481 | Spider:3 | Noticed myeffort's illusion
 45519 | Spider:4 | Reached XP level 18. HP: 193/193 MP: 30/35
 45983 | Spider:4 | Got a fine steel ring
 45986 | Spider:4 | Identified the ring "Geeptaal" {-Tele rN+ Int+1} (You found it on level 4 of the Spider Nest)
 46666 | Spider:5 | Entered Level 5 of the Spider Nest
 46827 | Spider:5 | Reached skill level 15 in Throwing
 47461 | Lair:1   | Identified a scroll of acquirement
 47469 | Lair:1   | Got a bound brass ring
 47471 | Lair:1   | Identified the ring "Skustrib" {MP+9 Str+3 Int-4} (You acquired it on level 1 of the Lair of Beasts)
 48398 | Spider:5 | Received a gift from Okawaru
 48399 | Spider:5 | Got a steaming great mace {god gift}
 48400 | Spider:5 | Identified the +12 great mace "Kuezogu" {crush, Dex+1} (Okawaru gifted it to you on level 5 of the Spider Nest)
 48632 | Spider:5 | Reached skill level 10 in Air Magic
 49262 | Spider:5 | Got a crude mace
 49263 | Spider:5 | Identified the +5 mace "Muefyepu" {flame, +Rage} (You found it on level 5 of the Spider Nest)
 49557 | Spider:5 | Received a gift from Okawaru
 49561 | Spider:5 | Got an ancient giant club {god gift}
 49562 | Spider:5 | Identified the +0 giant club of Eternal Harmony {freeze, +Blink Dex-1} (Okawaru gifted it to you on level 5 of the Spider Nest)
 49716 | Spider:5 | Got a gossamer rune of Zot
 50293 | Orc:4    | Bought a book of the Sky for 910 gold pieces
 50301 | Orc:4    | Learned a level 5 spell: Silence
 50308 | Orc:4    | Learned a level 6 spell: Deflect Missiles
 51262 | Elf:3    | Entered Level 3 of the Elven Halls
 51271 | Elf:3    | Found Bucwaopn's Distillery.
 51403 | Elf:3    | HP: 6/193 [deep elf master archer/arrow (9)]
 51995 | Elf:3    | Noticed a Hell Sentinel
 51996 | Elf:3    | Noticed a Hell Sentinel
 52005 | Elf:3    | Killed a Hell Sentinel
 52015 | Elf:3    | Reached skill level 1 in Charms
 52548 | Elf:3    | Got a crude jade ring
 52831 | Elf:3    | Reached XP level 19. HP: 118/201 MP: 37/37
 53092 | Elf:3    | Got a sparkling marble ring
 53103 | Elf:3    | Identified the ring of Ghecs {rPois Str+2 Dex-2} (You took it off a deep elf demonologist on level 3 of the Elven Halls)
 53105 | Elf:3    | Identified the ring "Gikotoheu" {rPois rN+ Dex+4 Stlth+} (You took it off a deep elf demonologist on level 3 of the Elven Halls)
 53200 | Elf:3    | Received a gift from Okawaru
 53697 | Elf:3    | Got an ancient giant spiked club
 53698 | Elf:3    | Identified the +5 giant spiked club "Plurrud" {crush, rN+} (You found it on level 3 of the Elven Halls)
 53991 | Elf:3    | Received a gift from Okawaru
 53992 | Elf:3    | Got a faintly humming steam dragon armour {god gift}
 54004 | Elf:3    | Identified the +2 steam dragon armour of Wasted Space {+Fly rF+ rN+} (Okawaru gifted it to you on level 3 of the Elven Halls)
 54214 | Elf:3    | Learned a level 3 spell: Tukima's Dance
 54493 | Lair:1   | Learned a level 4 spell: Airstrike
 54666 | Shoals:1 | Killed Roxanne
 56095 | Shoals:3 | Noticed Polyphemus
 56946 | Shoals:3 | Killed Polyphemus
 56990 | Shoals:3 | Found Twockew's Distillery.
 57008 | Shoals:3 | Bought a potion of heal wounds for 85 gold pieces
 57008 | Shoals:3 | Bought a potion of curing for 51 gold pieces
 57008 | Shoals:3 | Bought a potion of heal wounds for 85 gold pieces
 57008 | Shoals:3 | Bought a potion of curing for 51 gold pieces
 57354 | Shoals:3 | Reached XP level 20. HP: 204/210 MP: 39/39
 57371 | Shoals:4 | Reached skill level 5 in Charms
 57617 | Shoals:4 | Found an iron altar of Okawaru.
 58233 | Shoals:5 | Entered Level 5 of the Shoals
 58238 | Shoals:5 | Noticed Ilsuiw
 58435 | Shoals:5 | Found Ynoipovec's Distillery.
 58519 | Shoals:5 | Killed Ilsuiw
 58519 | Shoals:5 | Received a gift from Okawaru
 58526 | Shoals:5 | Got a crystal giant club {god gift}
 58527 | Shoals:5 | Identified the +5 giant club of Triumph {elec, +Blink SInv} (Okawaru gifted it to you on level 5 of the Shoals)
 59489 | Shoals:5 | Got a barnacled rune of Zot
 59730 | Shoals:5 | Gained mutation: You are partially covered in thin metallic scales (AC +2). [potion of beneficial mutation]
 61121 | Vaults:1 | Entered Level 1 of the Vaults
 61325 | Vaults:1 | Received a gift from Okawaru
 61468 | Vaults:1 | Found Emantiets' Antique Armour Boutique.
 61682 | Vaults:1 | Received a gift from Okawaru
 62121 | Vaults:1 | Received a gift from Okawaru
 62769 | Vaults:2 | Reached XP level 21. HP: 218/218 MP: 33/40
 64093 | Vaults:2 | Found a staircase to the Crypt.
 64559 | Vaults:3 | Reached skill level 15 in Spellcasting
 64974 | Vaults:3 | Received a gift from Okawaru
 66467 | Vaults:4 | Received a gift from Okawaru
 67065 | Vaults:4 | Received a gift from Okawaru
 67327 | Vaults:5 | Entered Level 5 of the Vaults
 67903 | Depths:1 | Entered Level 1 of the Depths
 67953 | Depths:1 | Reached skill level 21 in Maces & Flails
 68022 | Depths:1 | Reached XP level 22. HP: 205/232 MP: 30/41
 68082 | Depths:1 | Learned a level 1 spell: Summon Butterflies
 68254 | Depths:1 | Received a gift from Okawaru
 68255 | Depths:1 | Got a fine giant spiked club {god gift}
 68256 | Depths:1 | Identified the cursed +3 giant spiked club "Ecyaxki" {freeze, rC+} (Okawaru gifted it to you on level 1 of the Depths)
 68853 | Depths:1 | Found a gateway to Hell.
 68907 | Depths:1 | Found Gassix's Distillery.
 69156 | Depths:1 | Found a one-way gate to the infinite horrors of the Abyss.
 70158 | Depths:2 | Found a gateway to a ziggurat.
 70193 | Depths:2 | Received a gift from Okawaru
 70618 | Depths:2 | Received a gift from Okawaru
 70868 | Depths:2 | Noticed Aizul
 70879 | Depths:2 | Killed Aizul
 71360 | Depths:2 | Upgraded the game from 0.16-a0-3149-g1169300 to 0.16-a0-3159-g1b9e691
 72030 | Depths:3 | Found a one-way gate leading to the halls of Pandemonium.
 72145 | Depths:3 | Reached skill level 10 in Invocations
 72265 | Depths:3 | Reached XP level 23. HP: 71/249 MP: 33/41
 72268 | Depths:3 | Received a gift from Okawaru
 73076 | Depths:3 | Reached skill level 22 in Maces & Flails
 73465 | Depths:3 | Found a bloodstained altar of Trog.
 73707 | Depths:3 | Noticed the Enchantress
 73728 | Depths:3 | Killed the Enchantress
 73731 | Depths:3 | Got a faerie dragon armour
 73743 | Depths:3 | Identified the -1 faerie dragon armour {Str+4 Dex+1} (You took it off the Enchantress on level 3 of the Depths)
 73803 | Depths:3 | Got a smoking giant club
 73803 | Depths:3 | Got a steaming giant club
 73804 | Depths:3 | Identified the +2 giant club "Atoan" {holy, rPois Dex+2} (You took it off an ettin on level 3 of the Depths)
 73805 | Depths:3 | Identified the cursed +6 giant club of Pycyonko {drain, Int-2 Dex+2} (You took it off an ettin on level 3 of the Depths)
 74371 | Depths:4 | Received a gift from Okawaru
 75079 | Depths:4 | Received a gift from Okawaru
 75551 | Depths:4 | Found a corrupted altar of Lugonu.
 75834 | Depths:4 | Received a gift from Okawaru
 75856 | Depths:5 | Entered Level 5 of the Depths
 75903 | Depths:5 | Found Puffeul's Antique Armour Emporium.
 75937 | Depths:5 | Noticed Saint Roka
 76020 | Depths:5 | Killed Saint Roka
 76205 | Depths:5 | Noticed Jorgrun
 76213 | Depths:5 | Killed Jorgrun
 76750 | Depths:5 | Noticed Margery
 76763 | Depths:5 | Noticed Sojobo
 76911 | Depths:5 | Killed Sojobo
 76911 | Depths:5 | Reached XP level 24. HP: 176/270 MP: 37/42
 76939 | Depths:5 | Killed Margery
 77291 | Depths:5 | Found a gate to the Realm of Zot.
 78399 | Lair:1   | Identified a -2 rod of clouds (11/11) (You took it off a minotaur on level 5 of the Depths)
 78881 | Depths:1 | Voluntarily entered the Abyss.
 79424 | Abyss:4  | Gained mutation: Scrolls take you a little longer to read. [a neqoxec]
 79733 | Abyss:4  | Paralysed by accursed screaming for 1 turns
 79750 | Abyss:4  | Gained mutation: Potions and wands are less effective at restoring your health. [a neqoxec]
 79751 | Abyss:4  | HP: 12/411 [ancient zyme (9)]
 79751 | Abyss:4  | HP: 4/411 [large abomination (8)]
 79752 | Abyss:4  | Slain by a large abomination

Action                   |  1- 3 |  4- 6 |  7- 9 | 10-12 | 13-15 | 16-18 | 19-21 | 22-24 || total
-------------------------+-------+-------+-------+-------+-------+-------+-------+-------++-------
Melee: Unarmed           |    16 |       |       |       |       |       |       |       ||    16
       Short sword       |    58 |    89 |    87 |       |       |       |       |       ||   234
       Long sword        |       |       |    15 |       |       |       |       |       ||    15
       Hand axe          |       |       |    91 |       |       |       |       |       ||    91
       Flail             |       |       |    88 |   561 |       |       |       |       ||   649
       Giant spiked club |       |       |       |   230 |   940 |   784 |  1150 |   709 ||  3813
       Great mace        |       |       |       |       |       |   102 |    28 |       ||   130
       Giant club        |       |       |       |       |       |       |    22 |       ||    22
Throw: Javelin           |       |       |       |    34 |    45 |   164 |    74 |    51 ||   368
       Large rock        |       |       |       |     2 |   193 |   345 |   337 |   558 ||  1435
       Tomahawk          |       |       |       |       |   114 |    27 |       |       ||   141
       Throwing net      |       |       |       |       |       |     3 |       |       ||     3
 Cast: Magic Dart        |    71 |    43 |    97 |    47 |    34 |    11 |     4 |       ||   307
       Call Imp          |     8 |    53 |    52 |    22 |       |       |       |       ||   135
       Repel Missiles    |       |       |     2 |     5 |     5 |     5 |     5 |       ||    22
       Mephitic Cloud    |       |       |     3 |    83 |   109 |    90 |   105 |    57 ||   447
       Conjure Flame     |       |       |     1 |    10 |     2 |   128 |   125 |    82 ||   348
       Blink             |       |       |       |     2 |     6 |     5 |     7 |     1 ||    21
       Flight            |       |       |       |       |       |     1 |    26 |     1 ||    28
       Swiftness         |       |       |       |       |       |     1 |     1 |       ||     2
       Silence           |       |       |       |       |       |     4 |     7 |     1 ||    12
       Static Discharge  |       |       |       |       |       |     1 |       |       ||     1
       Airstrike         |       |       |       |       |       |       |     6 |       ||     6
       Deflect Missiles  |       |       |       |       |       |       |    13 |     2 ||    15
       Apportation       |       |       |       |       |       |       |     1 |     8 ||     9
       Tukima's Dance    |       |       |       |       |       |       |     1 |       ||     1
Invok: Heroism           |       |       |     1 |     8 |    11 |    16 |     9 |    18 ||    63
       Finesse           |       |       |       |       |       |     4 |     3 |     2 ||     9
Evoke: Wand              |       |       |     1 |    12 |     3 |     2 |     1 |       ||    19
       Deck              |       |       |       |       |       |     4 |     4 |     4 ||    12
       Phial of floods   |       |       |       |       |       |       |     1 |       ||     1
  Use: Scroll            |       |     3 |       |     8 |     8 |    14 |     8 |     9 ||    50
       Potion            |       |     3 |     7 |     6 |     3 |    16 |    12 |     8 ||    55
 Stab: Distracted        |       |     1 |       |       |       |       |       |       ||     1
       Confused          |       |       |     1 |    35 |    39 |    20 |    30 |    14 ||   139
       Sleeping          |       |       |       |     1 |     2 |       |       |       ||     3
  Eat: Chunk             |     1 |     9 |    15 |    26 |    49 |    60 |    64 |    35 ||   259
       Fruit             |       |       |     1 |       |     5 |     1 |     7 |     5 ||    19
       Meat ration       |       |       |       |     1 |       |     1 |     1 |     2 ||     5
       Royal jelly       |       |       |       |       |       |     3 |       |       ||     3
       Bread ration      |       |       |       |       |       |     1 |       |       ||     1
